 Dungeon Crawl Stone Soup version 0.30-a0-702-gdf48620a09 (webtiles) character file.

Game seed: 12687755074284099716

50050 Leeroy the Carver (level 14, -12/92 HPs)
             Began as a Tengu Warper on Jan 21, 2023.
             Was a Follower of Uskayaw.
             Mangled by a red ugly thing (25 damage)
             ... on level 12 of the Dungeon.
             The game lasted 00:56:57 (27111 turns).

Leeroy the Carver (Tengu Warper)                   Turns: 27111, Time: 00:56:58

Health: -12/92     AC:  5    Str: 13    XL:     14   Next: 53%
Magic:  0/21       EV: 23    Int: 14    God:    Uskayaw [*.....]
Gold:   1179       SH:  0    Dex: 17    Spells: 9/21 levels left

rFire   x . .      SeeInvis .    X - +1 scimitar (flame)
rCold   + + .      Faith    .    (no shield)
rNeg    . . .      Spirit   +    b - +0 troll leather armour
rPois   +          Reflect  .    (helmet restricted)
rElec   .          Harm     .    (no cloak)
rCorr   .          Rampage  .    F - +0 pair of gloves
Will    +....                    (boots unavailable)
Stlth   +                        g - amulet of guardian spirit
HPRegen 1.15/turn                R - ring of ice
MPRegen 0.17/turn                D - ring of poison resistance

@: flying quickly and evasively, quick
A: beak, talons 3, nimble flight, cold resistance 1, mutation resistance 1,
MP-powered wands
a: Renounce Religion, Stomp


You were on level 12 of the Dungeon.
You worshipped Uskayaw.
Uskayaw was noncommittal.
You visited 4 branches of the dungeon, and saw 19 of its levels.
You also visited: Ossuary.

You collected 1179 gold pieces.

Inventory:

Hand Weapons
 h - a +1 arbalest of flaming
 x - a +1 heavy falchion
 z - a +0 scimitar of venom
 Q - a +0 great sword of venom
 W - a +6 falchion of freezing
 X - a +1 scimitar of flaming (weapon)
Missiles
 d - 5 boomerangs of dispersal (quivered)
 v - 6 boomerangs
 V - 20 poisoned darts
Armour
 b - a +0 troll leather armour (worn)
 F - a +0 pair of gloves (worn)
 M - a +3 plate armour
Jewellery
 g - an amulet of guardian spirit (around neck)
 r - an amulet of regeneration
 D - a ring of poison resistance (right hand)
 G - a ring of see invisible
 R - a ring of ice (left hand)
 S - the ring of Zoilah {Fly rPois rF+ rC++ Dex-2}
   (You found it on level 9 of the Dungeon)

   [ring of flight]

   Dex:       It affects your dexterity (-2).
   rF:        It protects you from fire.
   rC:        It greatly protects you from cold.
   rPois:     It protects you from poison.
   Fly:       It grants you flight.
 T - a ring of wizardry
 U - a ring of fire
Wands
 a - a wand of polymorph (4)
 k - a wand of flame (3)
 u - a wand of roots (8)
 O - a wand of paralysis (3)
 Z - a wand of mindburst (12)
Scrolls
 c - 3 scrolls of blinking
 f - 3 scrolls of magic mapping
 n - a scroll of torment {unknown}
 p - 4 scrolls of poison
 q - 3 scrolls of enchant weapon
 w - 3 scrolls of brand weapon
 y - 3 scrolls of vulnerability
 A - 4 scrolls of teleportation
 B - 3 scrolls of fear
 C - 2 scrolls of silence
 E - 2 scrolls of immolation
 H - 2 scrolls of summoning
 I - 2 scrolls of enchant armour
 Y - 2 scrolls of amnesia
Potions
 e - 4 potions of degeneration
 i - a potion of haste {unknown}
 j - 4 potions of mutation
 l - 5 potions of heal wounds
 m - 4 potions of brilliance
 s - 2 potions of attraction
 t - a potion of magic {unknown}
 J - a potion of berserk rage {unknown}
 K - 9 potions of curing
 L - 4 potions of might {unknown}
 N - a potion of lignification {unknown}
 P - 2 potions of ambrosia {unknown}
Miscellaneous
 o - a phial of floods


   Skills:
 - Level 12.0 Fighting
 - Level 14.1 Long Blades
 - Level 1.0 Throwing
 - Level 1.1 Armour
 + Level 13.4 Dodging
 - Level 4.1 Spellcasting
 - Level 10.5 Translocations
 - Level 7.2 Air Magic
 + Level 0.1 Earth Magic


You had 9 spell levels left.
You knew the following spells:

 Your Spells              Type           Power      Damage    Failure   Level
a - Blink                 Tloc           64%        N/A       1%          2
b - Vhi's Electric Charg  Tloc/Air       54%        N/A       1%          3
c - Mephitic Cloud        Conj/Pois/Air  9%         N/A       26%         3
d - Manifold Assault      Tloc           32%        N/A       3%          4

Your spell library contained the following spells:

 Spells                   Type           Power      Damage    Failure   Level
 Apportation              Tloc           64%        N/A       1%          1
 Lesser Beckoning         Tloc           64%        N/A       1%          2
 Teleport Other           Tloc           32%        N/A       1%          3
 Momentum Strike          Conj/Tloc      34%        3d8       4%          2
 Magic Dart               Conj           8%         1d3       24%         1
 Necrotise                Necr           12%        1d4       24%         1
 Summon Small Mammal      Summ           12%        N/A       24%         1
 Call Imp                 Summ           3%         N/A       34%         2
 Sublimation of Blood     Necr           3%         N/A       34%         2
 Wereblood                Tmut           2%         N/A       36%         2
 Call Canine Familiar     Summ           3%         N/A       56%         3
 Inner Flame              Hex/Fire       2%         N/A       58%         3
 Summon Guardian Golem    Hex/Summ       3%         N/A       58%         3
 Summon Forest            Summ/Tloc      8%         N/A       61%         5
 Cause Fear               Hex            1%         N/A       94%         4
 Eringya's Noxious Bog    Tmut/Pois      1%         N/A       100%        6
 Orb of Destruction       Conj           1%         9d5       100%        7
 Spellforged Servitor     Conj/Summ      1%         N/A       100%        7
 Summon Hydra             Summ           1%         N/A       100%        7
 Borgnjor's Revivificati  Necr           1%         N/A       100%        8
 Discord                  Hex            1%         N/A       100%        8
 Necromutation            Tmut/Necr      1%         N/A       100%        8
 Death's Door             Necr           1%         N/A       100%        9


Dungeon Overview and Level Annotations

Branches:
Dungeon (12/15)            Temple (1/1) D:7            Lair (5/5) D:9
  Swamp (1/4) Lair:3       Spider (0/4) Lair:3        Slime (0/5) Lair:4
    Orc (0/2) D:12        Ossuary (visited)

Altars:
Ashenzari
Cheibriados
Dithmenos
Elyvilon
Fedhas
Gozag
Hepliaklqana
Kikubaaqudgha
Makhleb
Nemelex Xobeh
Okawaru
Qazlal
Ru
Sif Muna
Trog
Uskayaw
Vehumet
Wu Jian
Xom
Yredelemnul
Zin
The Shining One
Jiyva

Annotations:
D:9 2 transporters, Crownlay's ghost, novice DsNe
D:10 Nergalle
Lair:3 Rupert


Innate Abilities, Weirdness & Mutations

You have a beak for a mouth.
You have claws for feet.
Your magical nature lets you fly swiftly and evasively.
Your flesh is cold resistant. (rC+)
You are somewhat resistant to further mutation.
You expend magic power (3 MP) to strengthen your wands.


Message History

An orc comes into view. It is wielding a +0 hand axe.
The slime creature hits you.
The orc misses the orc.
The red ugly thing completely misses you.
You slash the troll! You burn the troll! Your kick misses the troll.
You peck the troll, but do no damage.
The troll is heavily wounded.
The warg completely misses you. The slime creature hits you!
The troll bites you but does no damage. The troll closely misses you. x2
The orc hits the slime creature with a +0 dagger.
Casting: Mephitic Cloud (dangerous; 26% risk of failure)
Confirm with . or Enter, or press ? or * to list all spells.
You blink.
The troll closely misses you. The troll claws you. The troll barely misses you.
You slash the troll! You burn the troll. Your kick misses the troll.
You peck the troll, but do no damage.
The troll is almost dead.
You can now pass through a line of other dancers.
You slash the troll! You burn the troll.
You kill the troll!
The troll leather armour is intact enough to wear.
You hit the red ugly thing. You claw the red ugly thing.
You peck the red ugly thing.
The red ugly thing is lightly wounded.
You feel stable enough to blink again.
The orc hits something with a +0 dagger.
The red ugly thing trunk-slaps you!
You are engulfed in flames!!
The fire burns you terribly!
You can no longer pass through a line of other dancers.
There is a stone staircase leading down here.
The red ugly thing attacks as you move away!
The red ugly thing trunk-slaps you!
You are engulfed in flames!!
The fire burns you terribly!
* * * LOW HITPOINT WARNING * * *
The red ugly thing attacks as you move away!
The red ugly thing misses you.
There is a stone staircase leading up here.
The red ugly thing trunk-slaps you!
* * * LOW HITPOINT WARNING * * *
You are engulfed in flames!!
The fire burns you terribly!
You die...

#.# #ho..##..,,,,,
#p# #....#*,,,,,,,
#.# #o.......,**,,
#J# #.........**,,
#># #o........,,,,
#.##
#.........,,,,
#..#
#.########,,**
##u# #o#**** *,**
#@# #..,>,* *,*
#.# *****,* *,*
#.# *,* *,* #.#
*,* *^* #.#
***,****,* #.#
*,,,,,**,* #.#
*,,,,,**,*
#.#****,,,,,,,,***
*,,,,,,,,,,,**,,,,


You could see a red ugly thing, a slime creature and a human.

Vanquished Creatures
  Fannar (D:10)
  4 hydras
  4 catoblepae
  A centaur warrior (D:11)
  2 boulder beetles (Lair:4)
  Erica (D:10)
  A two-headed ogre (D:12)
  12 death yaks
  A spriggan (Swamp:1)
  A bog body (Swamp:1)
  A lindwurm (Lair:5)
  4 manticores
  17 elephants
  7 cane toads
  9 black mambas
  A gargoyle (D:11)
  2 rime drakes
  9 komodo dragons
  2 trolls
  2 hornets
  A polar bear (Lair:1)
  A tyrant leech (Swamp:1)
  4 blink frogs (Lair:5)
  A shadow (D:10)
  5 wyverns
  A vampire (D:11)
  4 basilisks
  40 yaks
  4 vampire mosquitoes
  21 water moccasins
  A sky beast (D:8)
  5 ice beasts
  3 black bears
  5 orc warriors
  8 wolves
  3 ogres
  10 centaurs
  A phantom (D:5)
  The ghost of conein the Sneak, an amateur OpEE of Fedhas (D:5)
  2 kobold brigands
  10 bullfrogs
  3 gnoll sergeants
  2 necrophages
  A scorpion (D:6)
  9 wights
  3 killer bees
  2 howler monkeys (D:4)
  3 hounds
  2 jellies (D:6)
  4 orc priests
  A gnoll bouda (D:3)
  4 hell rats (Lair:5)
  3 iguanas
  7 orc wizards
  13 mummies (Ossuary)
  21 gnolls
  11 adders
  A white imp (D:7)
  3 ufetubi
  3 worms
  A dart slug (D:1)
  25 orcs
  5 ball pythons
  4 endoplasms
  5 giant cockroaches
  11 goblins
  7 hobgoblins
  10 jackals
  4 quokkas
  6 bats
  A frilled lizard (D:2)
  2 gnoll skeletons (Ossuary)
  17 kobolds
  3 kobold skeletons (Ossuary)
  3 orc skeletons (Ossuary)
  6 rats
  11 rat skeletons (Ossuary)
430 creatures vanquished.

Vanquished Creatures (others)
  A bush (Lair:5)
  35 fungi
  58 plants
94 creatures vanquished.

Grand Total: 524 creatures vanquished

Notes
Turn   | Place    | Note
-------+----------+-------------------------------------------
     0 | D:1      | Leeroy the Tengu Warper began the quest for the Orb.
     0 | D:1      | Reached XP level 1. HP: 12/12 MP: 4/4
    18 | D:1      | You fall into a shaft and drop 1 floor!
    87 | D:1      | Reached skill level 3 in Long Blades
    87 | D:1      | Reached XP level 2. HP: 13/17 MP: 6/6
   202 | D:1      | Reached XP level 3. HP: 21/21 MP: 5/7
   462 | D:1      | Reached skill level 4 in Long Blades
   498 | D:1      | Found a faded altar of an unknown god.
   839 | D:2      | Reached XP level 4. HP: 26/26 MP: 8/8
  1109 | D:2      | Reached skill level 5 in Long Blades
  1255 | D:3      | Learned a level 2 spell: Blink
  1259 | D:3      | Learned a level 3 spell: Vhi's Electric Charge
  1434 | D:3      | Found a glowing golden altar of the Shining One.
  1513 | D:3      | Gained mutation: Your magical nature lets you fly swiftly
                  | and evasively. [Tengu growth]
  1513 | D:3      | Reached XP level 5. HP: 24/30 MP: 6/9
  1867 | D:3      | Found a stormy altar of Qazlal.
  1867 | D:3      | Found a sparkling altar of Nemelex Xobeh.
  2280 | D:4      | Reached skill level 6 in Long Blades
  2445 | D:4      | Reached XP level 6. HP: 35/35 MP: 10/10
  2586 | D:4      | Noticed a two-headed ogre
  2764 | D:3      | Reached skill level 7 in Long Blades
  3021 | D:4      | Noticed a black bear
  3024 | D:5      | Entered Level 5 of the Dungeon
  3033 | D:5      | Reached skill level 8 in Long Blades
  3033 | D:5      | Reached XP level 7. HP: 27/40 MP: 8/11
  3185 | D:5      | Learned a level 3 spell: Mephitic Cloud
  3622 | D:4      | Reached skill level 9 in Long Blades
  3794 | D:5      | Found a shimmering blue altar of Sif Muna.
  4043 | D:5      | Found a runed translucent gate.
  4044 | D:5      | Found a runed translucent gate.
  4044 | D:5      | Found a runed translucent gate.
  4045 | D:5      | Noticed conein's ghost (amateur OpEE)
  4141 | D:5      | Reached XP level 8. HP: 44/44 MP: 12/12
  4217 | D:6      | Noticed a hornet
  4267 | D:6      | Found a broken altar of Ashenzari.
  4303 | D:5      | Reached skill level 10 in Long Blades
  5465 | D:6      | Found a hide-covered altar of Uskayaw.
  5470 | D:6      | Became a worshipper of Uskayaw the Reveller
  5484 | D:6      | Reached * piety under Uskayaw
  5488 | D:6      | Reached skill level 11 in Long Blades
  5504 | D:6      | Found a shadowy altar of Dithmenos.
  5509 | D:6      | Reached ** piety under Uskayaw
  5621 | D:6      | Gained mutation: You expend magic power (3 MP) to
                  | strengthen your wands. [potion of mutation]
  5621 | D:6      | Gained mutation: Your flesh is cold resistant. (rC+)
                  | [potion of mutation]
  5621 | D:6      | Gained mutation: You are somewhat resistant to further
                  | mutation. [potion of mutation]
  5631 | D:6      | Killed a hornet
  5718 | D:7      | Noticed a troll
  5730 | D:7      | Found a staircase to the Ecumenical Temple.
  5769 | D:7      | Found a snail-covered altar of Cheibriados.
  5987 | D:7      | Found a sand-covered staircase.
  5991 | Ossuary  | Entered an ossuary
  6146 | Ossuary  | Reached XP level 9. HP: 40/48 MP: 13/13
  6202 | Ossuary  | Reached skill level 12 in Long Blades
  6267 | Ossuary  | Reached *** piety under Uskayaw
  7616 | D:7      | Reached skill level 13 in Long Blades
  7872 | D:8      | Reached **** piety under Uskayaw
  8158 | D:8      | Reached skill level 14 in Long Blades
  8218 | Temple   | Entered the Ecumenical Temple
  8429 | D:7      | Reached skill level 5 in Dodging
  8742 | D:8      | Reached XP level 10. HP: 9/53 MP: 14/14
  8789 | D:7      | Learned a level 4 spell: Manifold Assault
  9165 | D:9      | Found a transporter.
  9203 | D:9      | Noticed a moth of wrath
  9204 | D:9      | Noticed Crownlay's ghost (novice DsNe)
  9209 | D:9      | Noticed a tengu warrior
  9213 | D:9      | Identified the ring of Zoilah {Fly rPois rF+ rC++ Dex-2}
  9312 | D:9      | Noticed a two-headed ogre
  9331 | D:9      | Found a bloodstained altar of Trog.
  9341 | D:9      | Found a transporter.
  9581 | D:9      | Found a staircase to the Lair.
  9648 | D:9      | Noticed a manticore
  9648 | D:9      | Noticed a wizard
  9648 | D:9      | Noticed a centaur warrior
  9648 | D:9      | Noticed a deep elf pyromancer
  9648 | D:9      | Noticed a cyclops
  9649 | D:9      | Noticed a deep elf pyromancer
  9649 | D:9      | Noticed a purple ugly thing
 10143 | D:8      | Reached skill level 10 in Dodging
 10561 | D:9      | Reached XP level 11. HP: 57/57 MP: 15/15
 10592 | D:10     | Entered Level 10 of the Dungeon
 10716 | D:10     | Noticed Fannar
 10777 | Lair:1   | Entered Level 1 of the Lair of Beasts
 10783 | Lair:1   | Reached skill level 1 in Air Magic
 11109 | Lair:1   | Reached skill level 5 in Air Magic
 12105 | Lair:2   | Noticed a five-headed hydra
 12868 | Lair:2   | Reached ***** piety under Uskayaw
 12871 | Lair:2   | Reached skill level 5 in Fighting
 13255 | Lair:3   | Noticed an eight-headed hydra
 13476 | Lair:3   | Killed an 11-headed hydra
 13600 | Lair:3   | Noticed Rupert
 13602 | Lair:3   | Paralysed by Rupert for 5 turns
 13609 | Lair:3   | Paralysed by Rupert for 3 turns
 13708 | Lair:3   | Reached XP level 12. HP: 71/71 MP: 19/19
 13921 | Lair:4   | Found a viscous altar of Jiyva.
 13925 | Lair:4   | Found a staircase to the Slime Pits.
 14666 | Lair:5   | Entered Level 5 of the Lair of Beasts
 14666 | Lair:5   | Noticed a death yak
 14666 | Lair:5   | Noticed a death yak
 14666 | Lair:5   | Noticed a death yak
 14666 | Lair:5   | Noticed a death yak
 14666 | Lair:5   | Noticed a death yak
 14666 | Lair:5   | Noticed a six-headed hydra
 14667 | Lair:5   | Noticed a death yak
 14737 | Lair:5   | Noticed a boulder beetle
 14778 | Lair:5   | Noticed a catoblepas
 14803 | Lair:4   | Reached skill level 10 in Fighting
 15954 | Lair:4   | Killed a death yak
 15955 | Lair:4   | Reached XP level 13. HP: 80/86 MP: 1/20
 17328 | Lair:4   | Reached skill level 5 in Translocations
 20084 | Lair:3   | Found a staircase to the Swamp.
 20256 | Lair:3   | Found a hole to the Spider Nest.
 20992 | Lair:4   | Reached XP level 14. HP: 92/92 MP: 3/21
 22223 | D:5      | Killed conein's ghost
 22528 | D:10     | Reached skill level 10 in Translocations
 22797 | D:10     | Killed Fannar
 22876 | D:10     | Noticed Erica
 22892 | D:10     | Killed Erica
 22980 | D:10     | Noticed Nergalle
 26009 | Swamp:1  | Entered Level 1 of the Swamp
 27111 | D:12     | Mangled by a red ugly thing

Illustrated notes

Levels and vault maps discovered:
D:1:      erik_arrival_cave_to_civilisation [erik_arrival_cave_to_hall],
          layout_basic, shapermc_ecumenical_altar_venn
D:2:      layout_rooms
D:3:      layout_loops_ring, nicolae_tso_carved_into_rock,
          gammafunk_temple_overflow_pools, grunt_decor_mini_mirrors
D:4:      cheibrodos_barr_body, layout_loops_ring, hangedman_decor_peaks_small,
          dreamdust_princess_bridge
D:5:      layout_loops_ring, mainiacjoe_overflow_24_doors,
          gammafunk_ghost_nasty_kobolds, hangedman_decor_lopped
D:6:      layout_rooms, kennysheep_little_box, mainiacjoe_overflow_two_lobes,
          grunt_ministairs_12
D:7:      layout_cave_pods, old_standard_altar,
          minmay_temple_entry_statues_fountains, enter_ossuary_5
D:8:      layout_loops_ring, minmay_starry_boxes
D:9:      layout_roguey, hellmonk_lair_entry_icy,
          gammafunk_ghost_wrathful_warriors, minivault_12
D:10:     layout_loops_ring, chequers_serial_rivers_micro_e, uniq_erica,
          uniq_fannar, uniq_nergalle
D:11:     layout_cave_pools
D:12:     layout_loops_ring, erik_orc_4, portal_ice_cave_entry_imps, uniq_psyche
Temple:   eino_narrow_crystal_temple
Lair:1:   layout_layer_cave
Lair:2:   layout_hall_layers, hangedman_lair_unloving_vines, beast_lair_carwin_7
Lair:3:   layout_roguey, swamp_mist_pool, spider_nest_entry_rubble,
          serial_bayou_shore_b, grunt_megastairs_2, uniq_rupert
Lair:4:   layout_gridlike, dpeg_slime_entry_corner, serial_bayou_shore_a,
          infiniplex_staircase_pool
Lair:5:   evilmike_catoblepas_cave, layout_misc_corridors,
          grunt_forest_stairs_basic, chequers_serial_rivers_micro_a
Swamp:1:  layout_basic_swamp, basic_altar, swamp_pool3, uniq_frances

Skill      XL: |  1  2  3  4  5  6  7  8  9 10 11 12 13 14 |
---------------+-------------------------------------------+-----
Long Blades    | 3 4 5 6 8 9 11 14 | 14.1
Dodging        | 3 5 11 12 13 | 13.4
Air Magic      | 7 |  7.2
Spellcasting   | 4 |  4.1
Translocations | 3 9 10 | 10.5
Fighting       | 6 12 | 12.0
Throwing       | |  1.0
Armour         | |  1.1
Earth Magic    | |  0.1

Action                   |  1- 3 |  4- 6 |  7- 9 | 10-12 | 13-15 || total
-------------------------+-------+-------+-------+-------+-------++-------
Melee: Falchion          |    73 |   142 |    18 |   123 |    80 ||   436
       Peck              |    10 |    18 |    60 |   122 |   100 ||   310
       Kick              |    17 |    35 |   103 |   209 |   151 ||   515
       Punch             |       |     2 |     7 |     9 |     1 ||    19
       Scimitar          |       |       |   334 |   368 |   250 ||   952
       Great sword       |       |       |       |    64 |   255 ||   319
Throw: Boomerang         |       |     2 |     3 |       |       ||     5
       Dart              |       |       |       |       |     4 ||     4
 Cast: Blink             |       |       |     1 |     7 |     8 ||    16
       Vhi's Electric Ch |       |       |       |    21 |     5 ||    26
       Manifold Assault  |       |       |       |     3 |   169 ||   172
       Mephitic Cloud    |       |       |       |       |     7 ||     7
Evoke: Wand              |       |       |       |    10 |     6 ||    16
  Use: Scroll            |       |       |    13 |    11 |     4 ||    28
       Potion            |       |       |     4 |     1 |     1 ||     6
 Stab: Sleeping          |       |     1 |     2 |     1 |       ||     4
       Paralysed         |       |       |     4 |    22 |     8 ||    34
       Invisible         |       |       |       |     1 |       ||     1
       Confused          |       |       |       |       |     2 ||     2
Armor: Leather armour    |    19 |    24 |    37 |    45 |    24 ||   149
       Troll leather arm |       |       |       |       |    19 ||    19
Dodge: Dodged            |    49 |   125 |   248 |   436 |   327 ||  1185

Table legend: (Time is in decaauts)
 A = Elapsed time spent in this place.
 B = Non-inter-level travel time spent in this place.
 C = Inter-level travel time spent in this place.
 D = Time resting spent in this place.
 E = Time spent auto-exploring this place.
 F = Levels seen in this place.
 G = Mean time per level.
                   A        B        C        D        E       F      G
               +--------+--------+--------+--------+--------+-----+--------+
         Total |  25574 |  23427 |   2147 |   6473 |  11062 |  20 | 1278.7 |
       Dungeon |  12175 |  11026 |   1149 |   2202 |   6036 |  12 | 1014.6 |
        Temple |    156 |    146 |     10 |      0 |    138 |   1 |  156.0 |
          Lair |  11938 |  10951 |    987 |   3713 |   4414 |   5 | 2387.6 |
         Swamp |    860 |    860 |      0 |    457 |    299 |   1 |  860.0 |
       Ossuary |    444 |    444 |      0 |    100 |    173 |   1 |  444.0 |
               +--------+--------+--------+--------+--------+-----+--------+

Top non-repeatable levels by time:
  Lair:4: 4402 daAuts
  Lair:5: 3657 daAuts
     D:5: 1825 daAuts
  Lair:2: 1580 daAuts
     D:8: 1315 daAuts
     D:4: 1292 daAuts
  Lair:1: 1263 daAuts
    D:10: 1245 daAuts
     D:7: 1195 daAuts
     D:3: 1180 daAuts
     D:9: 1073 daAuts
  Lair:3: 1035 daAuts
    D:11: 964 daAuts
 Swamp:1: 860 daAuts
     D:1: 759 daAuts
